 Dungeon Crawl Stone Soup version 0.31-a0-538-gbc85326fa9 (webtiles) character file.

Game seed: 9583143772980648698

887446 mopl the Sensei (level 27, -2/232 HPs)
             Began as an Octopode Shapeshifter on Aug 12, 2023.
             Was a Believer of Uskayaw.
             Killed by a guardian mummy's death curse (11 damage)
             ... on level 2 of the Tomb of the Ancients on Aug 13, 2023.
             The game lasted 03:01:56 (71705 turns).

mopl the Sensei (Octopode Shapeshifter)            Turns: 71705, Time: 03:01:57

Health: -2/232     AC: 47    Str: 17    XL:     27
Magic:  31/36      EV: 34    Int: 14    God:    Uskayaw [**....]
Gold:   8317       SH: 12    Dex: 24    Spells: 24/36 levels left

rFire   + .          .
                       - Unarmed
rCold   + + .        M - +3 warlock's mirror {omnireflect}
rNeg    + . .        n - +2 hat
rPois   ∞            R - amulet of faith {!P}
rElec   +            u - ring of Moodiness {Int+6 Slay+2 Stlth+}
rCorr   +            k - ring of Cifoblank {rF+ Will+}
SInv    +            N - ring of Niuhij {Contam rC++ AC+4}
Will    ++++.        F - +5 ring of evasion
Stlth   ++++++++     J - ring of see invisible
HPRegen 1.38/turn    K - +4 ring of protection
MPRegen 0.25/turn    I - ring "Quujotet" {+Blink rCorr Str+2}
                     G - ring of willpower

%: reflection, faith
@: mighty, statue-form, slowed, studying Long Blades, very slow
A: slow and powerful, torment resistance 1, boosted hp, almost no armour,
amphibious, 8 rings, camouflage 1, (gelatinous body 1), (nimble swimmer 1),
tentacles, antennae 1, see invisible, dopey 2, frail 1, sense surroundings 1,
poison resistance, regeneration 1
}: 10/15 runes: decaying, serpentine, slimy, silver, abyssal, demonic, glowing,
magical, fiery, dark
a: Begin Untransformation, Renounce Religion, Evoke Blink, Stomp, Line Pass


You were on level 2 of the Tomb of the Ancients.
You worshipped Uskayaw.
Uskayaw was most pleased with you.
You were a living statue of rough stone.
You visited 13 branches of the dungeon, and saw 55 of its levels.
You visited Pandemonium 3 times, and saw 15 of its levels.
You visited the Abyss 2 times.
You also visited: Trove, Sewer and Bailey.

You collected 15030 gold pieces.
You spent 6713 gold pieces at shops.

Inventory:

Missiles
 a - 15 silver javelins
 b - 47 boomerangs (quivered)
 c - 3 datura-tipped darts
 w - 9 javelins
 C - 25 curare-tipped darts
 D - 2 throwing nets
 E - 8 atropa-tipped darts
Armour
 n - a +2 hat (worn)
 M - the +3 warlock's mirror (worn) {omnireflect}
   (You acquired it on level 10 of the Dungeon)

   Omnireflect: It can block and reflect piercing ranged attacks and magical
   attacks against the wielder's willpower.
Jewellery
 i - the ring "Mape" {Ice rElec Str+4 Slay+2 SInv}
   (You found it on level 5 of the Pits of Slime)

   [ring of ice]

   Ice:       It enhances your ice magic.
   Str+4:     It affects your strength (+4).
   Slay+2:    It affects your accuracy & damage with ranged weapons and melee
   (+2).
   rF-:       It makes you vulnerable to fire.
   rC+:       It protects you from cold.
   rElec:     It insulates you from electricity.
   SInv:      It lets you see invisible.
 k - the ring of Cifoblank (right tentacle) {rF+ Will+}
   (You found it on level 5 of the Pits of Slime)

   [ring of protection from fire]

   rF+:       It protects you from fire.
   Will+:     It increases your willpower.
 u - the ring of Moodiness (left tentacle) {Int+6 Slay+2 Stlth+}
   (You found it on level 3 of the Dungeon)

   [ring of intelligence]

   Int+6:     It affects your intelligence (+6).
   Slay+2:    It affects your accuracy & damage with ranged weapons and melee
   (+2).
   Stlth+:    It makes you more stealthy.
 F - a +5 ring of evasion (on tentacle)
 G - a ring of willpower (on tentacle)
 I - the ring "Quujotet" (on tentacle) {+Blink rCorr Str+2}
   (You found it on level 3 of the Crypt)

   [ring of resist corrosion]

   Str+2:     It affects your strength (+2).
   +Blink:    It lets you blink.
   rCorr:     It protects you from acid and corrosion.
 J - a ring of see invisible (on tentacle)
 K - a +4 ring of protection (on tentacle)
 N - the ring of Niuhij (on tentacle) {Contam rC++ AC+4}
   (You found it on level 1 of the Depths)

   [ring of protection]

   AC+4:      It affects your AC (+4).
   rC++:      It greatly protects you from cold.
   Contam:    It causes magical contamination when unequipped.
 R - an amulet of faith (around mantle) {!P}
Talismans
 T - a storm talisman
 U - a dragon-blood talisman
 Z - a granite talisman (active)
Wands
 d - a wand of iceblast (87)
 l - a wand of mindburst (39)
 p - a wand of charming (125)
 q - a wand of acid (39)
 W - a wand of digging (18)
 X - a wand of polymorph (18)
Scrolls
 f - 8 scrolls of fog
 g - 7 scrolls of butterflies
 j - 7 scrolls of blinking
 t - 11 scrolls of revelation
 v - 14 scrolls of teleportation
 y - 4 scrolls of vulnerability
 O - 12 scrolls of fear
 P - 3 scrolls of silence {!r}
Potions
 e - 6 potions of magic
 h - 5 potions of ambrosia
 o - 7 potions of resistance
 r - 14 potions of haste
 s - 8 potions of might
 x - 11 potions of enlightenment
 z - 36 potions of curing
 A - 7 potions of berserk rage {!q}
 Q - 5 potions of invisibility
 V - 7 potions of cancellation
 Y - 6 potions of heal wounds
Miscellaneous
 m - a lightning rod (4/4)
 H - the horn of Geryon
 L - a tin of tremorstones (2/2)
 S - a phantom mirror


   Skills:
 + Level 19.3 Fighting
 + Level 13.4 Throwing
 + Level 19.2 Dodging
 + Level 14.8 Stealth
 + Level 13.3 Shields
 - Level 24.0 Unarmed Combat
 - Level 5.0 Spellcasting
 + Level 6.6 Translocations
 - Level 5.0 Transmutations
 - Level 5.0 Air Magic
 - Level 5.0 Earth Magic
 + Level 19.5 Invocations
 + Level 19.1 Evocations
 * Level 22.4 Shapeshifting


You had 24 spell levels left.
You knew the following spells:

 Your Spells              Type           Power      Damage    Failure   Level
a - Apportation           Tloc           44%        N/A       1%          1
b - Manifold Assault      Tloc           22%        N/A       13%         4
n - Swiftness             Air            17%        N/A       8%          3
p - Passwall              Tmut/Erth      14%        N/A       3%          2
w - Wereblood             Tmut           17%        N/A       3%          2

Your spell library contained the following spells:

 Spells                   Type           Power      Damage    Failure   Level
 Lesser Beckoning         Tloc           44%        N/A       1%          2
 Gell's Gravitas          Tloc           22%        N/A       4%          3
 Teleport Other           Tloc           22%        N/A       4%          3
 Vhi's Electric Charge    Tloc/Air       38%        N/A       5%          3
 Shock                    Conj/Air       40%        1d5       7%          1
 Sting                    Tmut/Pois      40%        1d5       7%          1
 Momentum Strike          Conj/Tloc      24%        3d8       8%          2
 Static Discharge         Conj/Air       20%        2-3/arc   11%         2
 Passage of Golubria      Tloc           22%        N/A       13%         4
 Cigotuvi's Dreadful Rot  Necr/Pois/Air  16%        N/A       16%         2
 Portal Projectile        Hex/Tloc       24%        N/A       16%         3
 Volatile Blastmotes      Fire/Tloc      24%        2d12      16%         3
 Foxfire                  Conj/Fire      12%        2x1d4     21%         1
 Freeze                   Ice            12%        1d3       21%         1
 Magic Dart               Conj           12%        1d3       21%         1
 Necrotise                Necr           12%        1d4       21%         1
 Stone Arrow              Conj/Erth      20%        3d8       22%         3
 Airstrike                Air            8%         2d(2-18)  26%         4
 Call Imp                 Summ           6%         N/A       30%         2
 Ensorcelled Hibernation  Hex/Ice        6%         N/A       30%         2
 Scorch                   Fire           6%         2d5       30%         2
 Searing Ray              Conj           6%         2d4       30%         2
 Ignite Poison            Fire/Tmut/Pois 8%         N/A       30%         3
 Mephitic Cloud           Conj/Pois/Air  8%         N/A       30%         3
 Iskenderun's Mystic Bla  Conj/Tloc      12%        2d5       45%         4
 Confusing Touch          Hex            3%         N/A       52%         3
 Dazzling Flash           Conj/Hex       6%         N/A       52%         3
 Frozen Ramparts          Ice            6%         1d1       52%         3
 Hailstorm                Conj/Ice       3%         3d3       52%         3
 Inner Flame              Hex/Fire       3%         N/A       52%         3
 Ozocubu's Armour         Ice            3%         N/A       52%         3
 Tukima's Dance           Hex            3%         N/A       52%         3
 Vampiric Draining        Necr           3%         2d6       52%         3
 Summon Lightning Spire   Summ/Air       10%        N/A       56%         4
 Lee's Rapid Deconstruct  Erth           8%         3d7*      56%         5
 Cause Fear               Hex            1%         N/A       89%         4
 Dispel Undead            Necr           3%         3d7       89%         4
 Flame Wave               Conj/Fire      3%         2d5       89%         4
 Fulminant Prism          Conj/Hex       1%         3d5       89%         4
 Olgreb's Toxic Radiance  Pois           3%         N/A       89%         4
 Sticky Flame             Conj/Fire      3%         2d3       89%         4
 Summon Ice Beast         Ice/Summ       3%         N/A       89%         4
 Alistair's Intoxication  Tmut/Pois      6%         N/A       89%         5
 Arcjolt                  Conj/Air       5%         1d15      89%         5
 Irradiate                Conj/Tmut      5%         3d13      89%         5
 Silence                  Hex/Air        5%         N/A       89%         5
 Yara's Violent Unravell  Hex/Tmut       5%         3d4       89%         5
 Dispersal                Tloc           11%        N/A       90%         6
 Freezing Cloud           Conj/Ice/Air   4%         6-21      96%         5
 Agony                    Necr           3%         N/A       99%         5
 Fireball                 Conj/Fire      1%         3d3       99%         5
 Iskenderun's Battlesphe  Conj           3%         2d6       99%         5
 Metabolic Englaciation   Hex/Ice        1%         N/A       99%         5
 Summon Mana Viper        Hex/Summ       3%         N/A       99%         5
 Conjure Ball Lightning   Conj/Air       5%         3x3d6     100%        6
 Death Channel            Necr           1%         N/A       100%        6
 Leda's Unmaking          Conj/Erth      5%         9d2       100%        6
 Plasma Beam              Fire/Air       5%         2x1d15    100%        6
 Simulacrum               Ice/Necr       1%         N/A       100%        6
 Starburst                Conj/Fire      1%         6d3       100%        6
 Summon Cactus Giant      Summ           1%         N/A       100%        6
 Enfeeble                 Hex            1%         N/A       100%        7
 Monstrous Menagerie      Summ           1%         N/A       100%        7
 Orb of Destruction       Conj           1%         9d5       100%        7
 Ozocubu's Refrigeration  Ice            1%         4d7       100%        7
 Spellforged Servitor     Conj/Summ      1%         N/A       100%        7
 Summon Hydra             Summ           1%         N/A       100%        7
 Discord                  Hex            1%         N/A       100%        8
 Disjunction              Tloc           11%        N/A       100%        8
 Ignition                 Fire           1%         3d3       100%        8
 Lehudib's Crystal Spear  Conj/Erth      5%         10d3      100%        8
 Maxwell's Capacitive Co  Air            8%         ∞         100%        8
 Dragon's Call            Summ           1%         N/A       100%        9
 Polar Vortex             Ice            1%         N/A       100%        9
 Sublimation of Blood     Necr           Unusable   N/A       N/A         2
 Animate Armour           Summ/Erth      Unusable   N/A       N/A         4

Dungeon Overview and Level Annotations

Branches:
Dungeon (15/15)            Temple (1/1) D:7            Lair (5/5) D:10
  Swamp (4/4) Lair:3        Snake (4/4) Lair:3        Slime (5/5) Lair:5
    Orc (2/2) D:10            Elf (3/3) Orc:2        Vaults (5/5) D:14
  Crypt (3/3) Vaults:2       Tomb (3/3) Crypt:3      Depths (4/4) D:15
   Hell (visited)             Dis (0/7) Hell            Geh (0/7) Hell
    Coc (0/7) Hell            Tar (0/7) Hell            Zot (0/5) Depths:4
  Sewer (visited)          Bailey (visited)

Altars:
Ashenzari
Cheibriados
Dithmenos
Elyvilon
Fedhas
Gozag
Hepliaklqana
Kikubaaqudgha
Makhleb
Nemelex Xobeh
Okawaru
Qazlal
Ru
Sif Muna
Trog
Uskayaw
Vehumet
Wu Jian
Xom
Yredelemnul
Zin
The Shining One
Jiyva
Lugonu

Shops:
D:3 :?([(   D:7 =   D:9 [   D:11 [   Orc:2 *:![*   Elf:1 ![=::   Elf:3 *
Snake:1 :=*[*   Snake:2 *   Vaults:1 ?   Vaults:2 ((*   Vaults:4 (   Vaults:5 *
Depths:1 *   Depths:4 !

Portals:
Hell: Depths:1 Depths:2 Depths:3 Depths:4
Abyss: Lair:5* Depths:1 Depths:2 Depths:3
Pandemonium: Depths:2
Ziggurat: Depths:4


Innate Abilities, Weirdness & Mutations

You are a living statue of rough stone.
Your actions are slow, but your melee attacks are powerful.
You are resistant to unholy torment.
Your maximum health is greatly increased.
You cannot wear most types of armour.
You are amphibious.
You can wear up to eight rings at the same time.
You are immune to poison.
Your skin changes colour to match your surroundings (Stealth+).
((Your rubbery body absorbs attacks. (AC +1, EV +1)))
((You are camouflaged when in or above water. (Stealth+)))
You have tentacles for arms and can constrict up to eight enemies at once.
You have a pair of small antennae on your head.
You have supernaturally acute eyesight. (SInv)
You are very dopey. (Int -4)
You are frail. (-10% HP)
You passively map a small area around you.
Your system is resistant to poisons. (rPois)
Your natural rate of healing is unusually fast.


Message History

* * * LOW HITPOINT WARNING * * *
The bennu completely misses you. The death scarab completely misses you.
The bennu completely misses you. You block the bennu's attack.
The bennu completely misses you.
Uskayaw will force your foes to helplessly watch your dance.
Blink to where?
Press: ? - help, Dir - move target
As you read the scroll of blinking, it crumbles to dust.
The death scarab is no longer sharing its pain.
The death scarab barely misses you. You block the death scarab's attack. x2
The death scarab misses you.
The royal mummy casts a spell.
Unknown command.
The death scarab is no longer sharing its pain.
The death scarab closely misses you. You block the death scarab's attack.
The death scarab waves its antennae.
You block the death scarab's attack. The death scarab bites you!!
* * * LOW HITPOINT WARNING * * *
The death scarab misses you.
The ancient champion completely misses you.
The royal mummy gestures at you while chanting.
Something smites you!
* * * LOW HITPOINT WARNING * * *
The death scarab misses you. The death scarab completely misses you.
The death scarab bites you but does no damage.
The mummy priest mumbles some strange prayers to its god against you.
Something smites you!
* * * LOW HITPOINT WARNING * * *
The guardian mummy completely misses you.
The ancient champion barely misses you. The death scarab misses you.
The mummy priest invokes the aid of its god against you.
Something smites you!
* * * LOW HITPOINT WARNING * * *
A mysterious force pulls you upwards. The hatch slams shut behind you.
Unknown command.
You batter the guardian mummy!! You tentacle-slap the guardian mummy!!
You destroy the guardian mummy!
You feel extremely nervous for a moment...
Pain shoots through your body!
You die...

####################
#.........^>#......#
#.B†........#......#
#.†8†.......#......#
#..†........#......#
#...^.#########)####
#.....#.............
#.....#.............
###'###.............
#....^#...........).
#.....#..<..........
#.....#.^...........


You could see a death scarab.

Vanquished Creatures
  Cerebov (Pan)
  the Royal Jelly (Slime:5)
  Gloorx Vloq (Pan)
  Mnoleg (Pan)
  Lom Lobon (Pan)
  2 dread liches
  4 ancient liches
  Khufu (Tomb:3)
  Mennas (Pan)
  29 royal mummies
  Josephina (Depths:4)
  the Lernaean hydra (Swamp:4)
  5 pandemonium lords (Pan)
  Saint Roka (Depths:3)
  A curse toe (Crypt:3)
  Vashnia (Snake:2)
  Geryon (Hell)
  7 golden dragons
  Norris (Vaults:2)
  Jory (Vaults:4)
  2 bone dragons
  An iron giant (shapeshifter) (Vaults:5)
  4 Brimstone Fiends (Pan)
  3 Tzitzimimeh (Pan)
  A hellephant (Hell)
  2 Hell Sentinels (Pan)
  An Ice Fiend (Pan)
  5 tentacled monstrosities
  10 titans
  8 liches
  A walking crystal tome (Depths:3)
  2 deep elf blademasters
  2 deep elf master archers (Elf:3)
  2 quicksilver dragons
  11 ancient champions
  A walking frostbound tome (Depths:3)
  17 acid blobs
  An eldritch tentacle (Pan)
  19 Executioners (Pan)
  3 tentacled starspawn
  16 sphinxes
  5 shadow dragons
  Agnes (Snake:2)
  Kirke (D:14)
  3 revenants
  4 thorn hunters
  8 storm dragons
  8 tengu reavers
  10 azure jellies
  14 rockslimes
  6 demonspawn warmongers (Pan)
  A draconian knight (Depths:4)
  2 fenstrider witches
  15 frost giants
  7 iron dragons
  The ghost of KimchiStew the Brawler, an adept VSFi of Uskayaw (Snake:4)
  7 deep elf sorcerers
  25 vault wardens
  11 nagarajas (Snake:4)
  15 fire giants
  Louise (Depths:1)
  10 curse skulls
  17 ironbound preservers
  10 ghouls
  27 balrugs
  5 spriggan defenders
  A draconian stormcaller (Depths:4)
  5 orc warlords
  4 war gargoyles
  9 reapers
  26 stone giants
  16 cacodemons
  4 draconian annihilators
  The ghost of Reshi88 the Covert, a journeyman FoFi (Lair:5)
  11 demonspawn blood saints (Pan)
  A caustic shrike skeleton (Pan)
  6 formless jellyfish
  A juggernaut skeleton (Depths:1)
  11 quicksilver oozes
  24 very ugly things
  6 demonspawn black suns (Pan)
  6 eleionomae
  10 vampire knights
  4 deep elf demonologists (Elf:3)
  4 green draconians (Depths:4)
  10 deep elf annihilators
  The ghost of Voseoddeff the Spry, a journeyman MfGl of Wu Jian (Orc:1)
  5 ironbound thunderhulks
  4 lorocyprocas
  7 dire elephants (Vaults:1)
  8 bennus
  The ghost of Vorhees the Martial Artist, a journeyman GnSh of Ashenzari (Lair:3)
  4 spark wasps (Depths:1)
  A bunyip (Swamp:1)
  21 blizzard demons
  2 yellow draconians (Depths:4)
  5 iron golems (Hell)
  20 ettins
  9 deep elf death magi
  A merfolk javelineer (Depths:1)
  2 crystal guardians (Abyss:3)
  13 jiangshi
  22 mummy priests
  A quicksilver dragon zombie (Hell)
  14 yaktaur captains
  3 deep elf high priests
  14 green deaths
  3 eidola
  12 fire dragons
  40 vault guards
  A great orb of eyes (shapeshifter) (Abyss:3)
  11 great orbs of eyes
  A hydra (shapeshifter) (Vaults:5)
  4 entropy weavers
  6 ice dragons
  6 rakshasas
  A quicksilver dragon skeleton (Crypt:3)
  4 salamander tyrants
  A ghost crab (Swamp:1)
  6 hell beasts (Pan)
  9 ironbound frosthearts
  2 peacekeepers
  An ice dragon (shapeshifter) (Vaults:5)
  5 spriggan air magi
  21 hydras
  A caustic shrike simulacrum (Depths:4)
  5 centaur warriors
  A death knight (Crypt:1)
  3 juggernaut simulacra
  A catoblepas (Lair:2)
  8 ogre magi
  2 spriggan skeletons (Tomb:1)
  A radroach (shapeshifter) (Abyss:3)
  12 anacondas
  14 tengu warriors
  26 two-headed ogres
  7 vampire magi
  2 boulder beetles
  8 deep troll shamans
  7 alligators
  6 death yaks (Lair:4)
  5 hell hogs
  5 deep troll earth magi
  12 naga warriors
  8 thrashing horrors
  2 titan zombies
  15 demonic crawlers
  24 dancing weapons
  62 death scarabs
  3 orc high priests
  21 naga sharpshooters
  17 shock serpents
  11 deep elf knights
  3 spriggan berserkers
  A titan skeleton (Depths:1)
  59 sun demons
  12 hell knights (Depths:3)
  9 shadow wraiths
  15 soul eaters
  26 skeletal warriors
  3 skysharks
  11 iron trolls
  Lodul (D:10)
  65 deep trolls
  2 wretched stars (Abyss:2)
  A salamander mystic (Snake:4)
  A spectral anaconda (Snake:4)
  22 sixfirhies (Pan)
  A sea snake (Snake:3)
  3 goliath frogs
  4 naga ritualists
  A bunyip skeleton (Crypt:3)
  3 spriggan druids
  3 bog bodies
  4 elf simulacra (Elf:1)
  11 swamp dragons
  10 flayed ghosts
  4 glowing orange brains
  19 ironbound convokers
  Jeremiah (D:9)
  6 deep elf archers
  A shadow demon (Pan)
  Pikel (D:6)
  16 orc knights
  8 necromancers
  13 lindwurms
  20 wizards
  7 mana vipers
  13 phantasmal warriors
  22 deep elf pyromancers
  A wolf spider (shapeshifter) (Vaults:5)
  18 deep elf zephyrmancers
  A human zombie (Vaults:2)
  2 wolf spiders (Vaults:5)
  4 manticores
  48 ugly things
  A frost giant zombie (Depths:1)
  A shining eye (shapeshifter) (Depths:3)
  A stone giant zombie (Depths:1)
  2 cyclopes
  A cyclops (shapeshifter) (Lair:5)
  5 will-o-the-wisps
  10 salamanders
  A manticore (shapeshifter) (Vaults:4)
  A worldbinder (Lair:5)
  A jorogumo skeleton (Crypt:1)
  32 black mambas
  16 elephants
  9 guardian serpents
  Maurice (D:8)
  15 vault sentinels
  15 naga magi
  4 rust devils
  An eleionoma skeleton (Crypt:3)
  4 guardian serpents (shapeshifter)
  A spectral elf (Elf:1)
  Joseph (D:7)
  An apocalypse crab (Abyss:3)
  5 eyes of devastation
  3 molten gargoyles (Hell)
  11 cane toads
  7 ice statues
  A dire elephant zombie (Crypt:1)
  39 smoke demons
  A gargoyle (D:12)
  7 unseen horrors (Abyss:3)
  14 orange demons (Pan)
  Maggie (D:6)
  A catoblepas zombie (Crypt:3)
  3 kobold demonologists (D:14)
  4 hellions (Pan)
  Psyche (D:9)
  38 yaktaurs
  A minotaur zombie (Crypt:2)
  4 rime drakes
  An unseen horror zombie (D:8)
  6 tengu conjurers
  5 efreet
  A dire elephant skeleton (Crypt:3)
  7 komodo dragons
  5 ice devils (Pan)
  4 tormentors (Pan)
  An unseen horror skeleton (Crypt:3)
  A golden dragon simulacrum (Depths:4)
  35 guardian mummies
  A pale draconian skeleton (Crypt:3)
  10 freezing wraiths
  31 hellwings
  4 hydra zombies
  5 red devils
  A spectral mana viper (Snake:4)
  2 yellow draconian skeletons
  12 trolls
  A polar bear (Lair:2)
  A meliai (D:10)
  9 tyrant leeches
  18 hornets
  Grinder (D:6)
  A tengu simulacrum (Depths:4)
  2 harpy skeletons
  10 raiju
  A guardian serpent zombie (Crypt:2)
  A satyr zombie (Crypt:3)
  3 hydra skeletons (Hell)
  Prince Ribbit (D:8)
  4 dream sheep (Lair:4)
  A fire giant simulacrum (Depths:1)
  16 blink frogs
  A radroach zombie (Crypt:2)
  3 spectral black mambas (Snake:4)
  A culicivora (shapeshifter) (Vaults:4)
  21 flying skulls
  Sigmund (D:4)
  8 ushabtiu
  An alligator skeleton (Hell)
  5 wyverns
  A vampire (D:11)
  16 ynoxinuls
  19 spriggans
  4 air elementals
  67 yaks
  63 slime creatures
  A satyr skeleton (Crypt:1)
  A black mamba skeleton (Pan)
  2 water elementals
  6 wraiths
  2 shadows
  A yak (shapeshifter) (Lair:5)
  4 fire elementals
  2 redbacks (Vaults:3)
  14 neqoxecs
  7 starcursed masses (Abyss:3)
  6 hogs (D:14)
  5 basilisks
  A spriggan simulacrum (Depths:1)
  2 human simulacra
  5 steam dragons
  11 vampire mosquitoes
  14 chaos spawn
  A glowing shapeshifter zombie (Depths:1)
  46 nagas
  6 wargs
  A harpy simulacrum (Tomb:3)
  15 swamp worms
  A mana viper simulacrum (Snake:4)
  22 large abominations
  5 hell hounds
  23 water moccasins
  5 acid dragons
  3 glowing shapeshifter skeletons
  A two-headed ogre skeleton (Crypt:3)
  Duvessa (D:4)
  3 floating eyes
  A hydra simulacrum (Hell)
  A water nymph skeleton (Crypt:2)
  36 orc warriors
  11 swamp drakes
  3 black bears
  2 naga skeletons
  2 ice beasts
  A hornet zombie (Crypt:1)
  4 sky beasts (D:7)
  43 ogres
  A black mamba simulacrum (Snake:4)
  5 boggarts (Vaults:4)
  9 wolves (Lair:3)
  14 centaurs
  A snapping turtle skeleton (Crypt:2)
  A blink frog skeleton (Crypt:2)
  A hog skeleton (Crypt:1)
  A phantom (D:5)
  5 kobold brigands
  19 small abominations
  2 komodo dragon zombies (Crypt:2)
  17 bullfrogs
  3 necrophages
  4 scorpions
  4 gnoll sergeants
  2 earth elementals
  A wight (D:8)
  A cyclops skeleton (Crypt:2)
  Dowan (D:4)
  3 naga simulacra (Snake:4)
  11 killer bees (D:10)
  3 howler monkeys (D:10)
  6 electric eels
  5 crimson imps (Pan)
  2 salamander simulacra (Snake:4)
  5 hounds
  6 centaur zombies
  2 jellies
  17 orc priests
  A gnoll bouda (D:8)
  3 iguanas
  2 sleepcaps
  A black bear skeleton (Crypt:3)
  A hell rat (Sewer)
  20 orc wizards
  Natasha (thrice) (D:4)
  A boggart zombie (Crypt:1)
  3 killer bee zombies (D:8)
  A tengu zombie (Crypt:1)
  A hound skeleton (D:5)
  51 mummies
  16 gnolls
  9 adders
  3 river rats
  2 shadow imps
  5 white imps
  3 ufetubi
  A worm (D:2)
  5 dart slugs
  79 orcs
  8 ball pythons
  5 endoplasms
  2 giant cockroaches
  12 goblins
  16 hobgoblins
  4 jackals (D:2)
  A jackal (shapeshifter) (Vaults:5)
  3 quokkas
  10 bats
  A frilled lizard (D:2)
  A goblin skeleton (Crypt:1)
  9 kobolds
  12 rats
  2 lurking horrors (Abyss:3)
  A starspawn tentacle (Abyss:2)
3054 creatures vanquished.

Vanquished Creatures (collateral kills)
  2 hydras
  2 hell knights (Depths:3)
  2 necromancers (Depths:3)
6 creatures vanquished.

Vanquished Creatures (others)
  A demonspawn warmonger (Pan)
  A reaper (Pan)
  A peacekeeper (Vaults:3)
  A naga sharpshooter (Snake:4)
  A skyshark (Vaults:2)
  A phantasmal warrior (Vaults:5)
  A guardian serpent (Snake:2)
  An unseen horror (Abyss:3)
  2 smoke demons (Pan)
  An orange demon (Pan)
  A hellion (Pan)
  2 bloated husks
  2 hellwings (Pan)
  A ynoxinul (Pan)
  A human (D:14)
  A large abomination (Pan)
  2 chaos spawn (Pan)
  6 ball lightnings (Pan)
  10 foxfires (Swamp:1)
  6 starspawn tentacles
43 creatures vanquished.

Grand Total: 3103 creatures vanquished

Notes
Turn   | Place    | Note
-------+----------+-------------------------------------------
     0 | D:1      | mopl the Octopode Shapeshifter began the quest for the Orb.
     0 | D:1      | Reached XP level 1. HP: 13/13 MP: 1/1
   123 | D:1      | Reached XP level 2. HP: 18/18 MP: 2/2
   642 | D:2      | Reached XP level 3. HP: 23/23 MP: 3/3
   817 | D:2      | Found a shimmering altar of Xom.
   900 | D:2      | Reached XP level 4. HP: 28/29 MP: 4/4
  1252 | D:3      | Found Heguas Xete's Armour Shoppe.
  1356 | D:3      | Noticed a black bear
  1403 | D:3      | Found a glowing drain.
  1441 | Sewer    | Entered a sewer
  1500 | Sewer    | Reached skill level 2 in Fighting
  1541 | Sewer    | Reached skill level 4 in Unarmed Combat
  1541 | Sewer    | Reached XP level 5. HP: 34/34 MP: 5/5
  1663 | D:3      | Killed a black bear
  1664 | D:3      | Reached skill level 4 in Shapeshifting
  1664 | D:3      | Reached XP level 6. HP: 29/41 MP: 6/6
  1713 | D:3      | Found a broken altar of Ashenzari.
  1768 | D:3      | Identified the ring of Moodiness {Int+6 Slay+2 Stlth+}
  1778 | D:3      | Found Cyegho Dyrue's Book Emporium.
  1820 | D:3      | Reached skill level 3 in Dodging
  1843 | D:3      | Found Vatemm's Antique Weapon Shoppe.
  1881 | D:3      | Found Tuqai's Magic Scroll Shop.
  1884 | D:3      | Bought a scroll of identify for 24 gold pieces
  1884 | D:3      | Bought a scroll of teleportation for 36 gold pieces
  1884 | D:3      | Bought a scroll of identify for 24 gold pieces
  1884 | D:3      | Bought a scroll of identify for 24 gold pieces
  2035 | D:3      | Found Hounk's Weapon Emporium.
  2208 | D:3      | Bought a scroll of identify for 24 gold pieces
  2288 | D:4      | Reached skill level 5 in Unarmed Combat
  2461 | D:4      | Noticed Natasha
  2467 | D:4      | Killed Natasha
  2468 | D:4      | Reached XP level 7. HP: 40/45 MP: 7/7
  2546 | D:4      | Noticed Dowan
  2547 | D:4      | Noticed Duvessa
  2559 | D:4      | Killed Duvessa
  2560 | D:4      | Reached skill level 3 in Fighting
  2561 | D:4      | Killed Dowan
  2764 | D:4      | Noticed Natasha
  2766 | D:4      | Found a sparkling altar of Nemelex Xobeh.
  2771 | D:4      | Killed Natasha
  2846 | D:4      | Noticed Sigmund
  2855 | D:4      | Killed Sigmund
  2856 | D:4      | Reached skill level 5 in Shapeshifting
  3000 | D:4      | Noticed Natasha
  3015 | D:4      | Killed Natasha
  3016 | D:4      | Reached XP level 8. HP: 52/52 MP: 8/8
  3048 | D:5      | Entered Level 5 of the Dungeon
  3127 | D:5      | Found a burning altar of Makhleb.
  3135 | D:5      | Reached skill level 4 in Dodging
  3135 | D:5      | Reached skill level 6 in Unarmed Combat
  3454 | D:5      | Found a large runed translucent door.
  3454 | D:5      | Found a large runed translucent door.
  3511 | D:5      | Found a large runed translucent door.
  3511 | D:5      | Found a large runed translucent door.
  3518 | D:5      | Noticed a wraith
  3518 | D:5      | Noticed a troll
  3746 | D:5      | Reached skill level 4 in Fighting
  3956 | D:5      | Reached skill level 6 in Shapeshifting
  4177 | D:5      | Reached skill level 7 in Unarmed Combat
  4324 | D:6      | Reached XP level 9. HP: 55/59 MP: 9/9
  4355 | D:6      | Noticed Maggie
  4365 | D:6      | Killed Maggie
  4366 | D:6      | Reached skill level 5 in Dodging
  4471 | D:6      | Noticed Grinder
  4478 | D:6      | Paralysed by Grinder for 4 turns
  4485 | D:6      | Killed Grinder
  4611 | D:6      | Found a glowing golden altar of the Shining One.
  4612 | D:6      | Noticed Pikel
  4624 | D:6      | Killed Pikel
  4625 | D:6      | Reached skill level 5 in Fighting
  4625 | D:6      | Reached skill level 8 in Unarmed Combat
  4625 | D:6      | Reached skill level 7 in Shapeshifting
  5230 | D:7      | Reached XP level 10. HP: 41/66 MP: 10/10
  5376 | D:7      | Reached skill level 6 in Dodging
  5465 | D:7      | Reached skill level 9 in Unarmed Combat
  5498 | D:7      | Noticed Joseph
  5508 | D:7      | Killed Joseph
  5592 | D:7      | Found a staircase to the Ecumenical Temple.
  5615 | Temple   | Entered the Ecumenical Temple
  5636 | Temple   | Became a worshipper of Uskayaw the Reveller
  5814 | D:7      | Found Rooryno Wosi's Jewellery Shoppe.
  5912 | D:8      | Noticed a two-headed ogre
  5914 | D:8      | Reached * piety under Uskayaw
  5920 | D:7      | Reached ** piety under Uskayaw
  5990 | D:7      | Killed a two-headed ogre
  5990 | D:7      | Reached *** piety under Uskayaw
  5991 | D:7      | Reached skill level 6 in Fighting
  5991 | D:7      | Reached skill level 1 in Invocations
  5991 | D:7      | Reached skill level 8 in Shapeshifting
  5993 | D:7      | Reached **** piety under Uskayaw
  6053 | D:8      | Reached ***** piety under Uskayaw
  6067 | D:8      | Reached ****** piety under Uskayaw
  6069 | D:8      | Reached skill level 2 in Invocations
  6187 | D:8      | Noticed Prince Ribbit
  6192 | D:8      | Killed Prince Ribbit
  6193 | D:8      | Reached skill level 10 in Unarmed Combat
  6193 | D:8      | Reached XP level 11. HP: 74/74 MP: 12/12
  6231 | D:8      | Noticed Maurice
  6235 | D:8      | Noticed a seven-headed hydra
  6258 | D:8      | Noticed a cyclops
  6479 | D:8      | Reached skill level 3 in Invocations
  6551 | D:8      | Killed Maurice
  6552 | D:8      | Reached skill level 7 in Dodging
  6608 | D:8      | Killed a seven-headed hydra
  6827 | D:8      | Killed a cyclops
  6828 | D:8      | Reached skill level 9 in Shapeshifting
  6946 | D:8      | Reached skill level 7 in Fighting
  7088 | D:8      | Found a shadowy altar of Dithmenos.
  7115 | D:8      | Found a basalt altar of Yredelemnul.
  7384 | D:7      | Bought a +4 ring of protection for 468 gold pieces
  7576 | D:9      | Found Woutzip's Antique Armour Shoppe.
  7700 | D:9      | Found a glowing silver altar of Zin.
  7746 | D:9      | Found a white marble altar of Elyvilon.
  7821 | D:9      | Noticed Jeremiah
  7828 | D:9      | Killed Jeremiah
  7829 | D:9      | Reached skill level 4 in Invocations
  7834 | D:9      | Found a blossoming altar of Fedhas.
  7888 | D:9      | Found a flagged portal.
  7894 | Bailey   | Entered a bailey
  8173 | Bailey   | Reached skill level 1 in Evocations
  8216 | Bailey   | Noticed an orc warlord
  8231 | Bailey   | Killed an orc warlord
  8232 | Bailey   | Reached skill level 11 in Unarmed Combat
  8416 | D:9      | Acquired 765 gold pieces
  8445 | D:9      | Noticed a two-headed ogre
  8454 | D:9      | Killed a two-headed ogre
  8455 | D:9      | Reached XP level 12. HP: 81/81 MP: 15/15
  8604 | D:9      | Reached skill level 2 in Evocations
  8619 | D:9      | Found a bloodstained altar of Trog.
  8740 | D:9      | Noticed Psyche
  8749 | D:9      | Killed Psyche
  8818 | D:10     | Entered Level 10 of the Dungeon
  8823 | D:10     | Found a staircase to the Orcish Mines.
  8882 | D:10     | Noticed a two-headed ogre
  8885 | D:10     | Killed a two-headed ogre
  8887 | D:10     | Reached skill level 8 in Dodging
  9236 | D:10     | Noticed Lodul
  9249 | D:10     | Reached skill level 5 in Invocations
  9255 | D:10     | Killed Lodul
  9259 | D:10     | Reached skill level 3 in Evocations
  9514 | D:10     | Reached skill level 10 in Shapeshifting
  9527 | D:10     | Reached skill level 8 in Fighting
 10061 | D:10     | Learned a level 2 spell: Wereblood
 10172 | D:10     | Reached skill level 12 in Unarmed Combat
 10401 | D:10     | Found an iron altar of Okawaru.
 10408 | D:10     | Reached skill level 4 in Evocations
 10426 | D:10     | Reached skill level 6 in Invocations
 10473 | D:10     | Found a sacrificial altar of Ru.
 10473 | D:10     | Found a radiant altar of Vehumet.
 10479 | D:10     | Found a stormy altar of Qazlal.
 10481 | D:10     | Found a shimmering blue altar of Sif Muna.
 10483 | D:10     | Found an opulent altar of Gozag.
 10524 | D:10     | Found a staircase to the Lair.
 10717 | D:11     | Reached XP level 13. HP: 89/89 MP: 17/17
 11105 | D:11     | Found Wuyfot's Superior Scales.
 11697 | D:7      | Bought an amulet of faith for 520 gold pieces
 11713 | D:7      | Bought a ring of poison resistance for 260 gold pieces
 11817 | Lair:1   | Entered Level 1 of the Lair of Beasts
 12177 | Lair:1   | Reached skill level 9 in Dodging
 12230 | Lair:1   | Reached skill level 5 in Evocations
 12616 | Lair:2   | Reached skill level 11 in Shapeshifting
 12655 | Lair:2   | HP: 3/90 [eight-headed hydra (9)]
 12989 | Lair:2   | Reached skill level 9 in Fighting
 12995 | Lair:2   | Reached skill level 13 in Unarmed Combat
 13078 | Lair:2   | Reached skill level 7 in Invocations
 13689 | Lair:3   | Found a staircase to the Snake Pit.
 13880 | Lair:3   | Reached XP level 14. HP: 97/97 MP: 19/19
 13903 | Lair:3   | Reached skill level 6 in Evocations
 13915 | Lair:3   | Found a runed translucent door.
 13917 | Lair:3   | Noticed Vorhees's ghost (journeyman GnSh)
 13946 | Lair:3   | Noticed an eleionoma
 13975 | Lair:3   | Killed an eleionoma
 14087 | Lair:3   | Found a staircase to the Swamp.
 14294 | Lair:4   | Reached skill level 1 in Stealth
 14714 | Lair:4   | Reached skill level 2 in Stealth
 15214 | Lair:5   | Entered Level 5 of the Lair of Beasts
 15259 | Lair:5   | Found a staircase to the Slime Pits.
 15274 | Lair:5   | Reached skill level 8 in Invocations
 15280 | Lair:5   | Reached skill level 3 in Stealth
 15393 | Lair:4   | Reached skill level 10 in Dodging
 15654 | Lair:5   | Reached skill level 14 in Unarmed Combat
 15854 | Lair:5   | Found a one-way gate to the infinite horrors of the Abyss.
 15854 | Lair:5   | Noticed Reshi88's ghost (journeyman FoFi)
 15881 | Lair:5   | Found a transporter.
 15914 | Lair:5   | Reached skill level 12 in Shapeshifting
 15929 | Lair:5   | Found a transporter.
 16024 | Lair:5   | Reached skill level 7 in Evocations
 16036 | Lair:5   | Reached skill level 4 in Stealth
 16407 | Lair:5   | Reached skill level 10 in Fighting
 16427 | Lair:5   | Reached XP level 15. HP: 100/103 MP: 12/21
 16478 | Lair:5   | Reached skill level 1 in Transmutations
 16849 | Lair:5   | Reached skill level 5 in Stealth
 16874 | Lair:5   | Found a corrupted altar of Lugonu.
 17403 | Orc:1    | Entered Level 1 of the Orcish Mines
 17496 | Orc:1    | Found a runed translucent door.
 17497 | Orc:1    | Found a shimmering altar of Xom.
 17497 | Orc:1    | Noticed Voseoddeff's ghost (journeyman MfGl)
 17803 | Orc:2    | Entered Level 2 of the Orcish Mines
 17803 | Orc:2    | Found a staircase to the Elven Halls.
 17806 | Orc:2    | Found Cyafuan's Armour Shoppe.
 17806 | Orc:2    | Found Hipuytta's Distillery.
 18162 | Orc:2    | Reached skill level 2 in Transmutations
 18325 | Orc:2    | Found Asuuhug's General Store.
 18325 | Orc:2    | Found Xaskaick's Book Shop.
 18468 | Orc:2    | Reached skill level 9 in Invocations
 18618 | Orc:2    | Bought a scroll of teleportation for 45 gold pieces
 18618 | Orc:2    | Bought a scroll of identify for 30 gold pieces
 18619 | Orc:2    | Bought a potion of heal wounds for 65 gold pieces
 18619 | Orc:2    | Bought a potion of heal wounds for 65 gold pieces
 18619 | Orc:2    | Bought a potion of magic for 104 gold pieces
 18640 | Orc:2    | Reached skill level 8 in Evocations
 18938 | Orc:2    | Reached skill level 3 in Transmutations
 18940 | Orc:2    | Noticed an orc warlord
 18959 | Orc:2    | Killed an orc warlord
 19199 | Orc:2    | Found Dena's Gadget Gallery.
 19321 | Orc:2    | Bought a lightning rod (4/4) for 640 gold pieces
 20247 | D:13     | Found a portal to a secret trove of treasure.
 20271 | D:13     | You paid a toll of 5 scrolls of fear to enter a treasure
                  | trove
 20272 | Trove    | Entered a treasure trove
 20277 | Trove    | Found the +11 plutonium sword {Contam Stlth-}
 20300 | Trove    | Identified the ring "Zeaxtouk" {rF+++ rC+ Will- Dex-3
                  | Stlth+}
 20302 | Trove    | Identified the +2 buckler "Trusted Companion" {rElec rN++}
 20929 | D:13     | Reached skill level 15 in Unarmed Combat
 20948 | Abyss:2  | Cast into level 2 of the Abyss (a wizard)
 21019 | Abyss:2  | Found a corrupted altar of Lugonu.
 21041 | Abyss:2  | Reached XP level 16. HP: 87/111 MP: 23/23
 21241 | Abyss:2  | Noticed a tentacled starspawn
 21253 | Abyss:2  | Killed a tentacled starspawn
 21268 | Abyss:2  | Found a corrupted altar of Lugonu.
 21337 | Abyss:2  | Reached skill level 13 in Shapeshifting
 21345 | Abyss:2  | Found a corrupted altar of Lugonu.
 21346 | Abyss:2  | Noticed a tentacled starspawn
 21355 | Abyss:2  | Killed a tentacled starspawn
 21366 | D:13     | Escaped the Abyss
 21373 | D:13     | Reached skill level 11 in Dodging
 21373 | D:13     | Reached skill level 4 in Transmutations
 21629 | D:14     | Noticed Kirke
 21634 | D:14     | Reached skill level 6 in Stealth
 21640 | D:14     | Noticed a sphinx
 21641 | D:14     | Killed Kirke
 22178 | D:14     | You fall into a shaft and drop 1 floor!
 22178 | D:15     | Entered Level 15 of the Dungeon
 22406 | D:14     | Reached skill level 11 in Fighting
 22857 | D:14     | Found a gate to the Vaults.
 23546 | D:14     | Found a gate to the Vaults.
 23838 | D:15     | Found a staircase to the Depths.
 23853 | D:15     | Reached skill level 9 in Evocations
 24054 | D:15     | Reached skill level 7 in Stealth
 24054 | D:15     | Reached skill level 10 in Invocations
 24492 | Swamp:1  | Entered Level 1 of the Swamp
 24509 | Swamp:1  | Noticed a thorn hunter
 24512 | Swamp:1  | Noticed a thorn hunter
 24522 | Swamp:1  | Killed a thorn hunter
 24523 | Swamp:1  | Reached skill level 5 in Transmutations
 24527 | Swamp:1  | Killed a thorn hunter
 24637 | Swamp:1  | Noticed a tentacled monstrosity
 24646 | Swamp:1  | Killed a tentacled monstrosity
 24817 | Swamp:1  | Reached XP level 17. HP: 109/117 MP: 24/24
 25740 | Swamp:2  | Reached skill level 16 in Unarmed Combat
 25866 | Swamp:2  | Reached skill level 8 in Stealth
 27430 | Swamp:3  | Identified the ring "Nuafrur" {rPois rC- rN+ Will+ Str+5}
 27670 | Swamp:4  | Entered Level 4 of the Swamp
 27719 | Swamp:4  | Reached skill level 14 in Shapeshifting
 28494 | Swamp:4  | Paralysed by a fenstrider witch for 2 turns
 28501 | Swamp:3  | Paralysed by a fenstrider witch for 4 turns
 28875 | Swamp:4  | Reached skill level 9 in Stealth
 28888 | Swamp:4  | Paralysed by a fenstrider witch for 4 turns
 28895 | Swamp:4  | Reached skill level 10 in Evocations
 29115 | Swamp:4  | Noticed the 27-headed Lernaean hydra
 29119 | Swamp:4  | Reached skill level 11 in Invocations
 29121 | Swamp:4  | Killed the 27-headed Lernaean hydra
 29122 | Swamp:4  | Reached skill level 12 in Dodging
 29271 | Swamp:4  | Reached XP level 18. HP: 107/126 MP: 26/26
 29440 | Swamp:4  | Identified the +8 scale mail of Narrow Wonder {rF+ Str+3}
 29527 | Swamp:4  | Got a decaying rune of Zot
 29878 | Snake:1  | Entered Level 1 of the Snake Pit
 30023 | Snake:1  | Reached skill level 12 in Fighting
 30360 | Snake:1  | Found Awkitaynt's Armour Emporium.
 30364 | Snake:1  | Found Qiapt's General Store.
 30364 | Snake:1  | Found Aphaepp's Jewellery Shoppe.
 30367 | Snake:1  | Found Emegg's Book Shoppe.
 30380 | Snake:1  | Bought a scroll of teleportation for 36 gold pieces
 30380 | Snake:1  | Bought a potion of enlightenment for 60 gold pieces
 30380 | Snake:1  | Bought a scroll of silence for 114 gold pieces
 30650 | Snake:1  | Found Voceikho's General Store.
 30655 | Snake:1  | Bought a scroll of silence for 114 gold pieces
 31062 | Snake:2  | Noticed Vashnia
 31236 | Snake:2  | Identified the +0 chain mail "Fetozupn" {rC- Str+6}
 31575 | Snake:2  | Noticed Agnes
 31581 | Snake:2  | Killed Agnes
 31734 | Snake:2  | Killed Vashnia
 32121 | Snake:2  | Found Riseokam's Assorted Antiques.
 32126 | Snake:2  | Bought a shiny ivory ring for 155 gold pieces
 32126 | Snake:2  | Bought a scroll of blinking for 232 gold pieces
 32126 | Snake:2  | Bought a scroll of fear for 124 gold pieces
 32852 | Snake:3  | Reached skill level 10 in Stealth
 32930 | Snake:3  | Reached skill level 17 in Unarmed Combat
 34656 | Snake:2  | Identified the +4 spear of Kisaipte {pain, rElec Int+2}
 34734 | Snake:3  | Found a runed translucent door.
 34751 | Snake:3  | Reached skill level 11 in Evocations
 35070 | Snake:3  | Reached skill level 15 in Shapeshifting
 35087 | Snake:3  | Reached XP level 19. HP: 133/133 MP: 27/27
 35137 | Snake:4  | Entered Level 4 of the Snake Pit
 35295 | Snake:4  | Found a runed translucent gate.
 35295 | Snake:4  | Found a runed translucent gate.
 35295 | Snake:4  | Found a runed translucent gate.
 35295 | Snake:4  | Noticed KimchiStew's ghost (adept VSFi)
 35440 | Snake:4  | Reached skill level 12 in Invocations
 35757 | Snake:4  | Identified the +1 robe "Ezexid" {rCorr Str-5 Int+6 Dex+2}
 36170 | Snake:4  | Got a serpentine rune of Zot
 36552 | Snake:4  | Reached skill level 13 in Dodging
 36810 | Snake:4  | Reached skill level 13 in Fighting
 36923 | Snake:4  | Reached skill level 18 in Unarmed Combat
 36940 | Snake:4  | Killed KimchiStew's ghost
 37226 | Lair:3   | Killed Vorhees's ghost
 37332 | Lair:5   | Killed Reshi88's ghost
 37343 | Lair:5   | Identified the +2 buckler of an ice cave {rC+ Int+4}
 37560 | Elf:1    | Entered Level 1 of the Elven Halls
 37627 | Elf:1    | Found Ecottin's Distillery.
 37638 | Elf:1    | Bought a potion of heal wounds for 65 gold pieces
 37638 | Elf:1    | Bought a potion of curing for 39 gold pieces
 37638 | Elf:1    | Bought a potion of haste for 130 gold pieces
 37638 | Elf:1    | Bought a potion of resistance for 130 gold pieces
 38018 | Elf:1    | Got the Atlas of Conjury
 38040 | Elf:1    | Found Ashridij's Armour Shop.
 38056 | Elf:1    | Found Pizerek's Jewellery Boutique.
 38063 | Elf:1    | Bought a granite talisman for 1200 gold pieces
 38650 | Elf:1    | Found Umpoplie's Book Shoppe.
 38769 | Elf:1    | Reached XP level 20. HP: 140/140 MP: 29/29
 38919 | Elf:1    | Found Guleroy's Book Emporium.
 38973 | Elf:2    | Reached skill level 12 in Evocations
 38989 | Elf:2    | Paralysed by an air elemental for 1 turns
 39058 | Elf:2    | Acquired the +3 warlock's mirror {omnireflect}
 39058 | Elf:2    | Found the +3 warlock's mirror {omnireflect}
 39267 | Elf:2    | Identified the +1 orcbow "Femorph" {heavy, Str+3 Dex+3}
 39303 | Elf:2    | Found a runed translucent gate.
 39304 | Elf:2    | Found a runed translucent gate.
 39304 | Elf:2    | Found a runed translucent gate.
 39481 | Elf:2    | Reached skill level 16 in Shapeshifting
 39696 | Elf:3    | Entered Level 3 of the Elven Halls
 39720 | Elf:3    | Identified the +6 quarterstaff "mopl's Regret" {elec,
                  | Dex+7}
 39812 | Elf:3    | Reached skill level 13 in Invocations
 40023 | Elf:3    | Found Xavuzifa's General Store.
 40028 | Elf:3    | Bought a scroll of vulnerability for 68 gold pieces
 40522 | Elf:3    | Identified the staff of Success {rElec Str+5 Air}
 40534 | Elf:3    | Identified the amulet of Peace {Acrobat rF+ rCorr Int+4}
 40552 | Elf:3    | Reached skill level 19 in Unarmed Combat
 40765 | Elf:3    | Identified the +9 short sword of Victory {pain, rPois rF+++
                  | Int-5 Dex-3}
 40776 | Elf:3    | Identified the amulet "Umanoa" {Spirit rN+}
 40798 | Elf:3    | Got Sif Muna's Exposition on Peccant Fire
 40810 | Elf:3    | Identified the +0 chain mail of the Skiapode {rC+}
 40819 | Elf:3    | Got the Tractate on Shifting Ensorcelling
 40959 | Elf:3    | Identified the staff "Maicy" {rElec rPois Str+4 Dex+7 Air}
 41398 | Vaults:1 | Entered Level 1 of the Vaults
 41725 | Vaults:1 | Reached skill level 14 in Dodging
 41731 | Vaults:1 | Reached XP level 21. HP: 65/147 MP: 31/31
 41734 | Vaults:1 | Reached skill level 14 in Fighting
 41910 | Vaults:1 | Found Zeratzen's Magic Scroll Emporium.
 41960 | Vaults:1 | Bought a scroll of poison for 44 gold pieces
 41960 | Vaults:1 | Bought 3 scrolls of fear for 132 gold pieces
 41960 | Vaults:1 | Bought a scroll of silence for 104 gold pieces
 42657 | Vaults:1 | Acquired 1170 gold pieces
 42724 | Vaults:2 | Reached skill level 13 in Evocations
 42753 | Vaults:2 | Found Ravuil's Assorted Antiques.
 42757 | Vaults:2 | Bought a potion of curing for 78 gold pieces
 42897 | Vaults:2 | Found a staircase to the Crypt.
 43307 | Vaults:2 | Noticed Norris
 43315 | Vaults:2 | Killed Norris
 43535 | Vaults:2 | Found Deuqet Ynke's Weapon Shop.
 43542 | Vaults:2 | Found Vyasuoza's Weapon Emporium.
 43607 | Vaults:2 | Reached skill level 17 in Shapeshifting
 43757 | Vaults:2 | Bought 6 boomerangs for 168 gold pieces
 43962 | Lair:1   | Acquired 1081 gold pieces
 44218 | Vaults:3 | Reached skill level 14 in Invocations
 44328 | Vaults:3 | Reached skill level 1 in Throwing
 44416 | Vaults:3 | Reached skill level 1 in Shields
 44518 | Vaults:3 | Reached skill level 20 in Unarmed Combat
 44519 | Vaults:3 | Reached XP level 22. HP: 155/155 MP: 32/32
 44667 | Vaults:3 | Reached skill level 2 in Throwing
 44766 | Vaults:3 | Reached skill level 2 in Shields
 45121 | Vaults:4 | Noticed Jory
 45136 | Vaults:4 | Killed Jory
 45217 | Vaults:4 | Reached skill level 3 in Throwing
 45218 | Vaults:4 | Reached skill level 3 in Shields
 45716 | Vaults:4 | Reached skill level 15 in Dodging
 45718 | Vaults:4 | Found Jutiessa's Weapon Boutique.
 45982 | Vaults:4 | Reached skill level 14 in Evocations
 45995 | Vaults:4 | Reached skill level 15 in Fighting
 46124 | Vaults:5 | Entered Level 5 of the Vaults
 46217 | Vaults:4 | Reached skill level 4 in Throwing
 46217 | Vaults:4 | Reached skill level 4 in Shields
 46318 | Vaults:5 | Noticed a golden dragon
 46331 | Vaults:5 | Reached XP level 23. HP: 118/162 MP: 34/34
 46515 | Vaults:5 | Noticed a golden dragon
 46522 | Vaults:5 | Killed a golden dragon
 46580 | Vaults:5 | Noticed a golden dragon
 46582 | Vaults:5 | Killed a golden dragon
 46629 | Vaults:5 | Noticed an ancient lich
 46639 | Vaults:5 | Killed an ancient lich
 46724 | Vaults:5 | Found Head's Assorted Antiques.
 46906 | Vaults:5 | Bought a scroll of revelation for 157 gold pieces
 46906 | Vaults:5 | Bought a potion of haste for 210 gold pieces
 47015 | Vaults:5 | Reached skill level 18 in Shapeshifting
 47027 | Vaults:5 | Reached skill level 5 in Shields
 47029 | Vaults:5 | Reached skill level 15 in Invocations
 47029 | Vaults:5 | Identified the +6 rapier "Mauguj" {heavy, rF+ rC++}
 47141 | Vaults:4 | Reached skill level 5 in Throwing
 47148 | Vaults:4 | Reached skill level 21 in Unarmed Combat
 47220 | Vaults:5 | Noticed a dread lich
 47232 | Vaults:5 | Killed a dread lich
 47260 | Vaults:5 | Killed a golden dragon
 47542 | Vaults:5 | Got the Incunabulum of Snow
 47547 | Vaults:5 | Got a silver rune of Zot
 47690 | Vaults:5 | Identified the +0 robe of the Blacksmith {Rampage Int+5
                  | Dex-5}
 48406 | Depths:1 | Entered Level 1 of the Depths
 48737 | Depths:1 | Noticed Louise
 48738 | Depths:1 | Reached XP level 24. HP: 170/170 MP: 34/34
 48738 | Depths:1 | Killed Louise
 49143 | Depths:1 | Reached skill level 6 in Shields
 49150 | Depths:1 | Found a gateway to Hell.
 49222 | Depths:1 | Reached skill level 6 in Throwing
 49352 | Depths:1 | Reached skill level 15 in Evocations
 49720 | Depths:1 | Found Guof Bej's Overcharged Wands.
 50306 | Depths:1 | Identified the ring of Niuhij {Contam rC++ AC+4}
 50892 | Depths:2 | Paralysed by a floating eye for 3 turns
 50981 | Depths:2 | Reached skill level 16 in Dodging
 50989 | Depths:2 | Reached skill level 7 in Shields
 51275 | Depths:2 | Found a one-way gate leading to the halls of Pandemonium.
 51352 | Depths:2 | Found a corrupted altar of Lugonu.
 51366 | Depths:2 | Reached skill level 7 in Throwing
 51512 | Depths:2 | You fall into a shaft and drop 2 floors!
 51512 | Depths:4 | Entered Level 4 of the Depths
 51528 | Depths:4 | Reached skill level 16 in Fighting
 51571 | Depths:4 | Identified the ring of Tender Moments {Ice Drain Str+5
                  | Dex+5}
 51571 | Depths:4 | Noticed Josephina
 51582 | Depths:4 | Reached XP level 25. HP: 69/177 MP: 34/34
 51582 | Depths:4 | Killed Josephina
 51583 | Depths:4 | Reached skill level 22 in Unarmed Combat
 51885 | Depths:4 | Found Edotz's Distillery.
 51898 | Depths:4 | Bought a potion of haste for 220 gold pieces
 51898 | Depths:4 | Bought a potion of curing for 66 gold pieces
 51898 | Depths:4 | Bought a potion of curing for 66 gold pieces
 51898 | Depths:4 | Bought a potion of curing for 66 gold pieces
 51898 | Depths:4 | Bought a potion of berserk rage for 110 gold pieces
 51898 | Depths:4 | Bought a potion of might for 88 gold pieces
 51973 | Depths:4 | Reached skill level 16 in Invocations
 51973 | Depths:4 | Reached skill level 19 in Shapeshifting
 52290 | Depths:4 | Found a one-way gateway to a ziggurat.
 52620 | Depths:4 | Found a gate to the Realm of Zot.
 52718 | Depths:3 | Noticed Saint Roka
 52738 | Depths:3 | Killed Saint Roka
 52916 | Depths:3 | Acquired 855 gold pieces
 53581 | Depths:3 | Reached skill level 8 in Throwing
 53583 | Depths:3 | Reached skill level 8 in Shields
 53871 | Depths:3 | Noticed a dread lich
 53884 | Depths:3 | Killed a dread lich
 53897 | Depths:3 | Identified the +2 hand axe "Syimnoox" {venom, MP+9 Dex+3}
 54121 | Depths:3 | Reached skill level 16 in Evocations
 54124 | Depths:3 | Identified the +0 plate armour "Kueph" {Harm SInv}
 54158 | Depths:3 | Identified the staff "Zioh" {rCorr Earth}
 54484 | Crypt:1  | Entered Level 1 of the Crypt
 54654 | Crypt:1  | Reached XP level 26. HP: 185/185 MP: 35/35
 55779 | Crypt:2  | Reached skill level 9 in Shields
 56191 | Crypt:3  | Entered Level 3 of the Crypt
 56199 | Crypt:3  | Reached skill level 9 in Throwing
 56642 | Crypt:3  | Noticed an ancient lich
 56642 | Crypt:3  | Noticed an ancient lich
 56649 | Crypt:3  | Killed an ancient lich
 56650 | Crypt:3  | Killed an ancient lich
 56664 | Crypt:3  | Noticed an ancient lich
 56679 | Crypt:3  | Killed an ancient lich
 56726 | Crypt:3  | Got the Vellum of the Quarry and the Chill
 56729 | Crypt:3  | Identified the +0 scale mail of the Stone Wall {Regen+
                  | Slay+2}
 56735 | Crypt:3  | Identified the ring "Quujotet" {+Blink rCorr Str+2}
 56793 | Crypt:3  | Found a staircase to the Tomb.
 57358 | Slime:1  | Entered Level 1 of the Pits of Slime
 57406 | Slime:1  | Reached skill level 17 in Dodging
 57448 | Slime:2  | Reached skill level 17 in Fighting
 57460 | Slime:2  | Reached skill level 17 in Invocations
 57594 | Slime:4  | Reached skill level 20 in Shapeshifting
 57804 | Slime:5  | Entered Level 5 of the Pits of Slime
 57877 | Slime:5  | Found a viscous altar of Jiyva.
 57877 | Slime:5  | Noticed the Royal Jelly
 57879 | Slime:5  | Killed the Royal Jelly
 57880 | Slime:5  | Reached skill level 23 in Unarmed Combat
 58209 | Slime:5  | Reached XP level 27. HP: 193/193 MP: 35/35
 58223 | Slime:5  | Identified the ring of Fankuosi {Ice rPois Int+2 Slay+2
                  | SInv}
 58225 | Slime:5  | Identified the ring "Mape" {Ice rElec Str+4 Slay+2 SInv}
 58319 | Slime:5  | Identified the +4 pair of boots of Disguise {Str+3 Int+2
                  | Dex+3}
 58329 | Slime:5  | Identified the ring "Ziel" {Ice +Blink Dex+3}
 58336 | Slime:5  | Identified the staff of the Trees {SInv Earth}
 58395 | Slime:1  | Reached skill level 10 in Shields
 58756 | Slime:5  | Reached skill level 10 in Throwing
 58782 | Slime:5  | Identified the +0 quarterstaff of Absolution {drain, Dex+5}
 58814 | Slime:5  | Identified the ring of Cifoblank {rF+ Will+}
 58819 | Slime:5  | Got a slimy rune of Zot
 58823 | Slime:5  | Identified the +10 sling "Lofetyiv" {heavy, rCorr}
 58824 | Slime:5  | Identified the +11 chain mail "Keciqe" {rElec rF+ Dex-2}
 59441 | Lair:1   | Upgraded the game from 0.31-a0-532-g28f74ba3e5 to
                  | 0.31-a0-538-gbc85326fa9
 59560 | Orc:1    | Killed Voseoddeff's ghost
 59747 | Hell     | Entered the Vestibule of Hell
 59747 | Hell     | Noticed Geryon
 59756 | Hell     | Killed Geryon
 59773 | Hell     | Found a gateway to the ashen valley of Gehenna.
 60014 | Hell     | Found a gateway to the Iron City of Dis.
 60266 | Hell     | Reached skill level 17 in Evocations
 60292 | Hell     | Found a gateway to the freezing wastes of Cocytus.
 60366 | Hell     | Found a gateway to the decaying netherworld of Tartarus.
 60587 | Pan      | Entered Pandemonium
 60618 | Pan      | Identified the +1 robe of Ynten {rCorr}
 60669 | Pan      | Found a runed translucent door.
 60694 | Pan      | Noticed Navua the pandemonium lord
 60709 | Pan      | Killed Navua the pandemonium lord
 61132 | Depths:2 | Escaped Pandemonium
 61419 | Snake:1  | Bought a book of Party Tricks for 208 gold pieces
 61421 | Snake:1  | Learned a level 1 spell: Apportation
 61424 | Snake:1  | Learned a level 2 spell: Passwall
 61428 | Snake:1  | Learned a level 3 spell: Swiftness
 61433 | Snake:1  | Learned a level 4 spell: Manifold Assault
 61436 | Snake:1  | Bought a potion of ambrosia for 96 gold pieces
 62077 | Pan      | Entered Pandemonium
 62372 | Pan      | Found an exit through the horrors of the Abyss.
 62591 | Pan      | Reached skill level 1 in Air Magic
 62591 | Pan      | Reached skill level 1 in Earth Magic
 62647 | Pan      | Noticed Igegaudu the pandemonium lord
 62652 | Pan      | Reached skill level 1 in Translocations
 62664 | Pan      | Killed Igegaudu the pandemonium lord
 62665 | Pan      | Reached skill level 1 in Spellcasting
 63073 | Pan      | Reached skill level 2 in Translocations
 63099 | Pan      | Reached skill level 2 in Air Magic
 63117 | Pan      | Reached skill level 2 in Earth Magic
 63121 | Pan      | Noticed Nozoivil the pandemonium lord
 63137 | Pan      | Killed Nozoivil the pandemonium lord
 63138 | Pan      | Reached skill level 2 in Spellcasting
 63358 | Pan      | Noticed Mennas
 63376 | Pan      | Killed Mennas
 63822 | Pan      | Reached skill level 11 in Throwing
 63875 | Pan      | Reached skill level 11 in Shields
 63899 | Pan      | Noticed Tugijitz the pandemonium lord
 64048 | Pan      | Killed Tugijitz the pandemonium lord
 64133 | Pan      | Reached skill level 3 in Translocations
 64136 | Pan      | Reached skill level 3 in Air Magic
 64286 | Pan      | Got a demonic rune of Zot
 64356 | Pan      | Entered the realm of Lom Lobon.
 64388 | Pan      | Reached skill level 3 in Earth Magic
 64440 | Pan      | Identified the amulet "Rauhaem" {Acrobat Slay+3}
 64544 | Pan      | Reached skill level 3 in Spellcasting
 64612 | Pan      | Reached skill level 18 in Invocations
 64673 | Pan      | Reached skill level 18 in Fighting
 65126 | Pan      | Reached skill level 21 in Shapeshifting
 65312 | Pan      | Noticed Lom Lobon
 65316 | Pan      | Killed Lom Lobon
 65317 | Pan      | Reached skill level 11 in Stealth
 65320 | Pan      | Reached skill level 18 in Dodging
 65335 | Pan      | Got a magical rune of Zot
 65559 | Pan      | Entered the realm of Cerebov.
 65634 | Pan      | Reached skill level 4 in Translocations
 65756 | Pan      | Found the +6 sword of Cerebov {flame}
 65756 | Pan      | Noticed Cerebov
 65767 | Pan      | Reached skill level 4 in Air Magic
 65774 | Pan      | Killed Cerebov
 65775 | Pan      | Reached skill level 4 in Earth Magic
 65788 | Pan      | Reached skill level 4 in Spellcasting
 66016 | Pan      | Identified the +1 scale mail of Puffai {rF+}
 66022 | Pan      | Identified the +5 mace of Descent {flame, *Corrode +Blink
                  | Str+5}
 66116 | Pan      | Identified the +5 short sword of Meuh {heavy, *Noise rPois
                  | MP+9 Stlth+}
 66145 | Pan      | Got a fiery rune of Zot
 66161 | Pan      | Identified the +10 quarterstaff of the Cursing Gods
                  | {freeze, Int+3}
 66307 | Pan      | Noticed Ohaes the pandemonium lord
 66307 | Pan      | Found a runed translucent door.
 66439 | Pan      | Identified the +10 glaive "Giantslayer" {heavy, Stlth+}
 66466 | Pan      | Noticed Qitsailu the pandemonium lord
 66911 | Pan      | Noticed Xuvae the pandemonium lord
 66927 | Pan      | Killed Xuvae the pandemonium lord
 67108 | Depths:2 | Escaped Pandemonium
 67110 | Pan      | Entered the realm of Mnoleg.
 67110 | Pan      | Entered Pandemonium
 67209 | Pan      | Gained mutation: You sometimes lose your temper in combat.
                  | [a neqoxec]
 67217 | Pan      | Gained mutation: You are dopey. (Int -2) [a neqoxec]
 67218 | Pan      | Gained mutation: You have hidden genetic defects. [a
                  | neqoxec]
 67229 | Pan      | Reached skill level 5 in Translocations
 67269 | Pan      | Noticed Mnoleg
 67294 | Pan      | Killed Mnoleg
 67319 | Pan      | Got a glowing rune of Zot
 67320 | Pan      | Lost mutation: You are dopey. (Int -2) [potion of mutation]
 67320 | Pan      | Lost mutation: You have hidden genetic defects. [potion of
                  | mutation]
 67320 | Pan      | Gained mutation: You have a pair of small antennae on your
                  | head. [potion of mutation]
 67320 | Pan      | Gained mutation: Your natural rate of healing is unusually
                  | fast. [potion of mutation]
 67320 | Pan      | Gained mutation: You are frail. (-10% HP) [potion of
                  | mutation]
 67320 | Pan      | Gained mutation: Your spells are a little harder to cast,
                  | but a little more powerful. [potion of mutation]
 67347 | Pan      | Gained mutation: You passively map a small area around you.
                  | [a cacodemon]
 67405 | Pan      | Reached skill level 5 in Air Magic
 67414 | Pan      | Reached skill level 12 in Stealth
 67414 | Pan      | Reached skill level 5 in Earth Magic
 67461 | Pan      | Gained mutation: You are dopey. (Int -2) [a cacodemon]
 67481 | Pan      | Entered the realm of Gloorx Vloq.
 67676 | Pan      | Reached skill level 18 in Evocations
 67686 | Pan      | Reached skill level 5 in Spellcasting
 67698 | Pan      | Reached skill level 12 in Throwing
 67797 | Pan      | Noticed Gloorx Vloq
 67798 | Pan      | Killed Gloorx Vloq
 67802 | Pan      | Reached skill level 12 in Shields
 67812 | Pan      | Got a dark rune of Zot
 67970 | Depths:2 | Escaped Pandemonium
 68213 | Elf:1    | Bought a potion of mutation for 104 gold pieces
 68213 | Elf:1    | Lost mutation: You sometimes lose your temper in combat.
                  | [potion of mutation]
 68213 | Elf:1    | Lost mutation: Your spells are a little harder to cast, but
                  | a little more powerful. [potion of mutation]
 68213 | Elf:1    | Gained mutation: You have supernaturally acute eyesight.
                  | (SInv) [potion of mutation]
 68213 | Elf:1    | Gained mutation: You are very dopey. (Int -4) [potion of
                  | mutation]
 68213 | Elf:1    | Gained mutation: Your system is resistant to poisons.
                  | (rPois) [potion of mutation]
 68463 | Lair:5   | Voluntarily entered the Abyss.
 68482 | Abyss:3  | Found a corrupted altar of Lugonu.
 68526 | Abyss:3  | Found a corrupted altar of Lugonu.
 68617 | Abyss:3  | Got an abyssal rune of Zot
 68709 | Lair:5   | Escaped the Abyss
 69030 | Tomb:1   | Entered Level 1 of the Tomb of the Ancients
 69842 | Tomb:2   | Noticed a royal mummy
 69843 | Tomb:2   | Noticed a royal mummy
 69843 | Tomb:2   | Noticed a royal mummy
 69846 | Tomb:2   | Reached skill level 13 in Stealth
 69872 | Tomb:2   | Reached skill level 24 in Unarmed Combat
 69872 | Tomb:2   | Noticed a royal mummy
 69882 | Tomb:2   | Killed a royal mummy
 69883 | Tomb:2   | Killed a royal mummy
 69889 | Tomb:1   | Noticed a royal mummy
 69889 | Tomb:1   | Noticed a royal mummy
 69890 | Tomb:1   | Noticed a royal mummy
 69890 | Tomb:1   | Noticed a royal mummy
 69890 | Tomb:1   | Noticed a royal mummy
 70089 | Tomb:2   | Killed a royal mummy
 70090 | Tomb:2   | Reached skill level 19 in Invocations
 70177 | Tomb:2   | Killed a royal mummy
 70414 | Tomb:1   | Noticed a royal mummy
 70414 | Tomb:1   | Noticed a royal mummy
 70417 | Tomb:1   | Killed a royal mummy
 70418 | Tomb:1   | Noticed a royal mummy
 70418 | Tomb:1   | Noticed a royal mummy
 70421 | Tomb:1   | Noticed a royal mummy
 70552 | Tomb:1   | Killed a royal mummy
 70553 | Tomb:1   | Reached skill level 22 in Shapeshifting
 70558 | Tomb:1   | Noticed a royal mummy
 70560 | Tomb:1   | Noticed a royal mummy
 70560 | Tomb:1   | Killed a royal mummy
 70663 | Tomb:1   | Killed a royal mummy
 70796 | Tomb:1   | Killed a royal mummy
 70798 | Tomb:1   | Noticed a royal mummy
 70802 | Tomb:1   | Killed a royal mummy
 70803 | Tomb:1   | Reached skill level 19 in Fighting
 70806 | Tomb:1   | Killed a royal mummy
 70806 | Tomb:1   | Killed a royal mummy
 70807 | Tomb:1   | Killed a royal mummy
 70969 | Tomb:1   | Killed a royal mummy
 70971 | Tomb:1   | Killed a royal mummy
 70972 | Tomb:1   | Reached skill level 13 in Throwing
 70974 | Tomb:1   | HP: 8/224 [royal mummy/divine providence (12)]
 71090 | Tomb:1   | Killed a royal mummy
 71093 | Tomb:1   | Killed a royal mummy
 71094 | Tomb:1   | Reached skill level 14 in Stealth
 71145 | Tomb:1   | Noticed a royal mummy
 71151 | Tomb:1   | Killed a royal mummy
 71206 | Tomb:1   | Noticed a royal mummy
 71206 | Tomb:1   | Noticed a royal mummy
 71207 | Tomb:1   | Noticed a royal mummy
 71208 | Tomb:1   | Noticed a royal mummy
 71208 | Tomb:1   | Noticed a royal mummy
 71212 | Tomb:1   | Killed a royal mummy
 71213 | Tomb:1   | Reached skill level 19 in Dodging
 71214 | Tomb:1   | Killed a royal mummy
 71216 | Tomb:1   | Noticed a royal mummy
 71219 | Tomb:1   | Killed a royal mummy
 71223 | Tomb:1   | Killed a royal mummy
 71226 | Tomb:1   | Killed a royal mummy
 71229 | Tomb:1   | Reached skill level 13 in Shields
 71233 | Tomb:1   | Killed a royal mummy
 71316 | Tomb:2   | Reached skill level 6 in Translocations
 71378 | Tomb:3   | Entered Level 3 of the Tomb of the Ancients
 71397 | Tomb:3   | Noticed a royal mummy
 71402 | Tomb:3   | Noticed a royal mummy
 71404 | Tomb:3   | Killed a royal mummy
 71406 | Tomb:3   | Noticed a royal mummy
 71406 | Tomb:3   | Noticed a royal mummy
 71412 | Tomb:3   | Noticed a royal mummy
 71436 | Tomb:3   | Noticed a royal mummy
 71448 | Tomb:3   | Noticed Khufu
 71448 | Tomb:3   | Noticed a royal mummy
 71534 | Tomb:3   | Found the +3 pair of mountain boots {steadfast, rC+}
 71537 | Tomb:3   | Reached skill level 19 in Evocations
 71538 | Tomb:3   | Killed a royal mummy
 71539 | Tomb:3   | Noticed a royal mummy
 71539 | Tomb:3   | Noticed a royal mummy
 71541 | Tomb:3   | Noticed a royal mummy
 71564 | Tomb:3   | Killed a royal mummy
 71566 | Tomb:3   | Killed a royal mummy
 71568 | Tomb:3   | Killed a royal mummy
 71689 | Tomb:3   | Killed Khufu
 71703 | Tomb:3   | HP: 4/232 [mummy priest/divine providence (14)]
 71705 | Tomb:2   | Killed by a guardian mummy's death curse

Illustrated notes

Levels and vault maps discovered:
D:1:      minmay_arrival_stair_chambers, layout_loops_ring,
          nicolae_concentric_dashed_squares_mild
D:2:      layout_basic, basic_altar, minmay_tetromino_l2
D:3:      layout_loops_cross, nicolae_ashenzari_skybound, portal_sewer_entry_b,
          serial_shops, shop, shop_statue, shop, nicolae_shop_back_alley_shop,
          nicolae_shop_rolled_up
D:4:      layout_gridville, mainiacjoe_overflow_alcove_1, minmay_distorted,
          uniq_duvessa, uniq_sigmund, uniq_natasha
D:5:      layout_loops_ring, makhleb_blood_cavern_becter,
          minmay_hollow_rounded_squares
D:6:      layout_loops_ring, amcnicky_altar_gilded, uniq_grinder, uniq_maggie,
          uniq_pikel
D:7:      layout_cave_pools, minmay_temple_entry_grid, serial_shops,
          kennysheep_little_box, hangedman_decor_push, hangedman_misty_isle,
          uniq_joseph
D:8:      cheibrodos_fzero, layout_cave_pools,
          nicolae_dithmenos_through_a_glass_darkly,
          nicolae_yredelemnul_corpse_copse, st_stairs_7, uniq_maurice,
          uniq_prince_ribbit1
D:9:      layout_basic, overflow_temple_1_default,
          nicolae_overflow_crystal_walls, kennysheep_mini,
          mainiacjoe_overflow_catwalk, serial_shops,
          nicolae_shop_overgrown_old_shop, enter_bailey_2, uniq_psyche,
          uniq_jeremiah
D:10:     minmay_imperfect_grid, layout_long_grid, mainiacjoe_overflow_24_doors,
          chequers_temple_overflow_minitemple, uniq_lodul
D:11:     layout_loops_corners, hellmonk_scale_shop
D:12:     layout_basic
D:13:     minmay_wizard_corner, layout_loops_ring, enter_trove_6,
          corexii_leaking_fountain
D:14:     layout_irregular_city, david_vaults_4, nicolae_twisting_strands,
          uniq_kirke
D:15:     grunt_enter_depths_snipers, layout_basic, minmay_misc_feat_encased,
          nooodl_orcs_dogs
Temple:   nicolae_temple_bog_church
Lair:1:   layout_regular_city
Lair:2:   layout_gridlike, lemuel_fruit_tree
Lair:3:   layout_roguey, alex1729_swamp_entry_worm_eleionoma,
          guppyfry_snake_entry_garden, ebering_ghost_inner_flame,
          grunt_megastairs_3
Lair:4:   layout_gridlike, st_stairs_10, patterned_corridor
Lair:5:   hellmonk_lair_end_abyssal_woods, layout_cave_shapes, slime_entry_1,
          gammafunk_ghost_abyssal_escape, nicolae_quartered_pool_little,
          serial_bayou_shore_a
Swamp:1:  layout_falls_marsh, evilmike_swamp_ruin_house_4, swamp_pool1,
          nicolae_swamp_trees_clearing, nzn_swamp_dancing_lights
Swamp:2:  layout_basic_swamp, serial_swamp_ruin, evilmike_swamp_ruin_wall,
          evilmike_swamp_ruin_rubble_1, swamp_pool1
Swamp:3:  layout_basic_swamp, evilmike_swamp_ruin_house_1
Swamp:4:  swamp_old_school, layout_basic_swamp, swamp_pool5
Snake:1:  layout_layer_cave, serial_shops, nicolae_shop_hallway_stairs,
          grunt_ministairs_10, serial_bayou_shore_b, minmay_shoptagon,
          grunt_megastairs_5
Snake:2:  nicolae_snake_attic_fulla_snakes, layout_layer_cave, serial_shops,
          nicolae_square_shop, uniq_vashnia, uniq_agnes
Snake:3:  layout_chambers, lightli_airlock
Snake:4:  grunt_snake_rune_spirals, layout_onion, gammafunk_ghost_necromancy
Slime:1:  layout_caves, nicolae_slime_barrier
Slime:2:  cheibrodos_slime_lost_civilization_8, layout_caves,
          nicolae_slime_rock_hall_of_fame
Slime:3:  layout_caves
Slime:4:  layout_caves
Slime:5:  slime_pit_nicolae_amoeboid
Orc:1:    layout_caves, ebering_ghost_xom
Orc:2:    st_orc_ogre_mass, layout_caves, basic_altar, nicolae_shop_gadgets
Elf:1:    layout_gridlike, serial_shops, nicolae_lakefront_shop, shop,
          nicolae_shop_gaudy_bauble, shop, shop, minmay_elf_annihilation,
          minivault_19, nicolae_elf_deep_mausoleum
Elf:2:    nicolae_elf_blades_crystal_corner, layout_geoelf_octagon,
          hangedman_elf_targeted_burst
Elf:3:    minmay_elf_hall_furrowed, layout_geoelf_castle, serial_shops, shop
Vaults:1: v_alt_pattern_6, nicolae_vaults_network_square, v_misc_1,
          vaults_room_fours, vaults_room_grunt_arrival_ludios, v_misc_28,
          vaults_room_pool, nicolae_vaults_trapezoid_lopsided_1,
          nicolae_vaults_two_Ls, layout_vaults_omnigrid, serial_shops,
          shop_statue
Vaults:2: v_misc_16, nicolae_vaults_mini_display_case,
          nicolae_vaults_doubleplus_tesselated, nicolae_vaults_little_squares_6,
          v_misc_16, nicolae_vaults_shock_wave, ontoclasm_vaults_ring_large,
          minmay_crypt_entry_simple_box, v_rooms_4, nicolae_vaults_wrenched,
          grunt_vaults_swirl, hangedman_vaults_snaps,
          nicolae_vaults_double_plus_3, v_alt_pattern_3, layout_vaults_maze,
          serial_shops, shop_fountains, nicolae_shop_back_alley_shop, shop,
          uniq_norris
Vaults:3: nicolae_vaults_murder_corner, nicolae_vaults_two_Ls, v_misc_11,
          nicolae_vaults_wine_cellar, v_misc_26,
          nicolae_vaults_little_squares_1, nicolae_vaults_six-pack,
          nicolae_vaults_heist, v_misc_25, v_alt_pattern_4,
          nicolae_vaults_sesquioval_fish, ontoclasm_vaults_pinch,
          ontoclasm_vaults_fault, layout_vaults_ring
Vaults:4: nicolae_vaults_door_testing_chamber, nicolae_vaults_little_squares_2,
          nicolae_vaults_quartermaster, hangedman_vaults_stagger,
          grunt_vaults_focal, nicolae_vaults_alarming,
          nicolae_vaults_more_shelving_1, dpeg_vaults_monster_box,
          nicolae_vaults_tetromino_L_2, nicolae_vaults_tetromino_L_1,
          layout_vaults_big_room, serial_shops,
          nicolae_shop_bloodbath_and_beyond, uniq_margery, uniq_jory
Vaults:5
Crypt:1:  layout_misc_corridors
Crypt:2:  layout_misc_corridors, minmay_misc_feat_hallway,
          amcnicky_mini_rare_corridor_liquid
Crypt:3:  david_glass_crypt, layout_gridlike,
          nicolae_tomb_entry_unfolded_pyramid_diagonal, minivault_23,
          palyth_stone_intersect
Tomb:1
Tomb:2
Tomb:3:   uniq_khufu
Depths:1: angbandy_vault, layout_basic, serial_sigils_hangedman_snap,
          hangedman_coc_ice_floe, nicolae_abyss_entry_one_way_or_another,
          chequers_serial_rivers_micro_e, nrook_mini_backslash,
          nicolae_shop_overcharged_wands
Depths:2: evilmike_marble_ring, layout_cave_shapes, serial_rivers,
          chequers_serial_rivers_small_b, chequers_serial_rivers_room_a,
          chequers_serial_rivers_large_a, chequers_serial_rivers_small_3,
          chequers_serial_rivers_room_b, hell_entry, abyss_entry_flame_altar,
          rand_demon_pan_entry_4, serial_bayou_shore_b
Depths:3: grunt_runaround [grunt_runaround_doors_1, grunt_runaround_doors_2,
          grunt_runaround_doors_3, grunt_runaround_doors_4,
          grunt_runaround_loot], abyss_entry, hell_entry, uniq_saint_roka
Depths:4: grunt_zot_entry_pinwheel, layout_basic, enter_ziggurat_e,
          lightli_too_deep, serial_shops, nicolae_diamond_shop,
          serial_bayou_shore_b, uniq_josephina
Hell

Skill      XL: |  1  2  3  4  5  6  7  8  9 10 11 12 13 14 15 16 17 18 19 20 21 22 23 24 25 26 27 |
---------------+----------------------------------------------------------------------------------+-----
Fighting       | 2 3 4 5 6 7 8 9 10 11 12 13 14 15 16 17 19 | 19.3
Unarmed Combat | 4 5 7 8 10 11 12 13 14 15 16 17 18 19 20 21 22 23 24 | 24.0
Shapeshifting  | 4 5 6 7 8 9 10 11 12 13 14 15 16 17 18 19 20 22 | 22.4
Dodging        | 3 4 5 6 7 8 9 10 11 12 13 14 15 16 17 19 | 19.2
Invocations    | 2 4 6 7 8 9 10 11 12 13 14 15 16 17 19 | 19.5
Evocations     | 1 4 5 7 8 9 10 11 12 13 14 15 16 19 | 19.1
Stealth        | 4 5 7 9 10 14 | 14.8
Transmutations | 3 5 |  5.0
Throwing       | 1 4 5 7 8 9 13 | 13.4
Shields        | 1 4 5 7 8 9 13 | 13.3
Air Magic      | 5 |  5.0
Earth Magic    | 5 |  5.0
Translocations | 6 |  6.6
Spellcasting   | 5 |  5.0

Action                     |  1- 3 |  4- 6 |  7- 9 | 10-12 | 13-15 | 16-18 | 19-21 | 22-24 | 25-27 || total
---------------------------+-------+-------+-------+-------+-------+-------+-------+-------+-------++-------
  Melee: Unarmed           |    60 |    70 |   165 |   463 |   750 |   816 |   814 |   903 |  2668 ||  6709
         Constrict         |    18 |    15 |    40 |    65 |    83 |    35 |   114 |   114 |   352 ||   836
         Tentacles         |     9 |    14 |    37 |   117 |   190 |    75 |   176 |   298 |   826 ||  1742
         Punch             |     2 |     3 |    10 |    37 |    82 |    85 |   115 |   183 |   579 ||  1096
         Bite              |       |       |       |       |       |    80 |    29 |       |       ||   109
         Tailslap          |       |       |       |       |       |   112 |    43 |       |       ||   155
  Throw: Dart              |       |       |       |     7 |       |       |       |     1 |       ||     8
         Boomerang         |       |       |       |       |       |       |       |     2 |       ||     2
   Cast: Apportation       |       |       |       |       |       |       |       |       |     7 ||     7
 Invoke: Line Pass         |       |       |       |       |     1 |       |       |       |       ||     1
         Grand Finale      |       |       |       |       |     7 |     3 |    11 |    10 |    25 ||    56
         Stomp             |       |       |       |       |       |       |       |     2 |     1 ||     3
Ability: Breathe Fire      |       |       |       |       |       |    10 |     5 |       |       ||    15
         Begin Untransform |       |       |       |       |       |     1 |       |       |       ||     1
         Evoke Blink       |       |       |       |       |       |       |       |       |     4 ||     4
  Evoke: Wand              |       |       |     1 |       |       |     3 |       |       |     4 ||     8
         Tin of tremorston |       |       |       |     2 |       |       |       |       |       ||     2
         Phantom mirror    |       |       |       |       |     1 |     1 |       |       |       ||     2
    Use: Scroll            |       |     5 |     4 |     3 |    13 |     6 |     6 |     1 |    27 ||    65
         Potion            |       |       |       |     7 |     2 |     1 |     1 |     4 |    14 ||    29
   Stab: Sleeping          |     8 |     6 |    11 |     7 |    19 |    36 |    36 |    24 |    40 ||   187
         Distracted        |       |     1 |     1 |     2 |     6 |     5 |     4 |     3 |    27 ||    49
         Paralysed         |       |       |       |    32 |    61 |    91 |   115 |   132 |   309 ||   740
         Confused          |       |       |       |       |     2 |       |       |       |       ||     2
 Armour: Skin              |     8 |     4 |    10 |    37 |    49 |   162 |   208 |   379 |   984 ||  1841
  Dodge: Dodged            |    39 |    32 |    83 |   342 |   626 |   665 |   713 |  1114 |  3290 ||  6904
  Block: Kite shield       |       |       |     3 |    57 |       |       |   142 |       |       ||   202
         Buckler           |       |       |       |       |       |       |   145 |   506 |  1658 ||  2309
         Reflection        |       |       |       |       |       |       |    29 |    34 |    93 ||   156
   Form: Blade             |       |       |       |     1 |     3 |     1 |       |       |       ||     5
         Flux              |       |       |       |       |     3 |     2 |       |       |       ||     5
         Dragon            |       |       |       |       |       |     4 |       |       |     1 ||     5
         Beast             |       |       |       |       |       |     1 |       |       |       ||     1
         Statue            |       |       |       |       |       |       |     1 |       |     2 ||     3
         Storm             |       |       |       |       |       |       |       |       |     2 ||     2

Table legend: (Time is in decaauts)
 A = Elapsed time spent in this place.
 B = Non-inter-level travel time spent in this place.
 C = Inter-level travel time spent in this place.
 D = Time resting spent in this place.
 E = Time spent auto-exploring this place.
 F = Levels seen in this place.
 G = Mean time per level.
                   A        B        C        D        E       F      G
               +--------+--------+--------+--------+--------+-----+--------+
         Total |  86564 |  75545 |  11019 |  18113 |  34204 |  76 | 1139.0 |
       Dungeon |  19206 |  15109 |   4097 |   3897 |   7872 |  15 | 1280.4 |
        Temple |     36 |     21 |     15 |      0 |      0 |   1 |   36.0 |
          Lair |   7385 |   5502 |   1883 |   1194 |   2712 |   5 | 1477.0 |
         Swamp |   4868 |   4633 |    235 |   2226 |   1285 |   4 | 1217.0 |
     Snake Pit |   7243 |   6817 |    426 |   2080 |   3559 |   4 | 1810.8 |
    Slime Pits |   2610 |   2326 |    284 |    537 |    696 |   5 |  522.0 |
  Orcish Mines |   2086 |   1842 |    244 |    656 |    814 |   2 | 1043.0 |
   Elven Halls |   4954 |   4544 |    410 |    585 |   2680 |   3 | 1651.3 |
        Vaults |   9860 |   9050 |    810 |   1339 |   5304 |   5 | 1972.0 |
         Crypt |   3896 |   3513 |    383 |    262 |   2377 |   3 | 1298.7 |
          Tomb |   3852 |   2914 |    938 |    517 |    872 |   3 | 1284.0 |
        Depths |   8766 |   7515 |   1251 |   1576 |   3988 |   4 | 2191.5 |
          Hell |   1090 |   1054 |     36 |    354 |    333 |   1 | 1090.0 |
         Abyss |    713 |    713 |      0 |    160 |      6 |   3 |  237.7 |
   Pandemonium |   9291 |   9291 |      0 |   2535 |   1624 |  15 |  619.4 |
         Trove |     47 |     47 |      0 |      0 |      0 |   1 |   47.0 |
         Sewer |    139 |    139 |      0 |     36 |      5 |   1 |  139.0 |
        Bailey |    514 |    514 |      0 |    156 |     73 |   1 |  514.0 |
               +--------+--------+--------+--------+--------+-----+--------+

Top non-repeatable levels by time:
    D:10: 3466 daAuts
Depths:1: 2679 daAuts
    D:14: 2496 daAuts
  Tomb:1: 2469 daAuts
Vaults:5: 2458 daAuts
 Snake:2: 2324 daAuts
Depths:3: 2171 daAuts
   Elf:3: 2156 daAuts
  Lair:5: 2109 daAuts
Vaults:4: 2048 daAuts
Depths:2: 2043 daAuts
Vaults:1: 2029 daAuts
Vaults:2: 1919 daAuts
Depths:4: 1872 daAuts
 Snake:4: 1815 daAuts
